 Dungeon Crawl Stone Soup version 0.31-a0-164-g2312942fda (webtiles) character file.

Game seed: 9616899194927708851

154 pokeman the Magician (level 5, -4/29 HPs)
             Began as a Deep Elf Hedge Wizard on June 13, 2023.
             Slain by Duvessa
             ... wielding a +0 rapier of freezing
              (7 damage)
             ... on level 4 of the Dungeon.
             The game lasted 00:05:46 (3115 turns).

pokeman the Magician (Deep Elf Hedge Wizard)        Turns: 3115, Time: 00:05:47

Health: -4/29      AC:  9    Str:  7    XL:     5   Next: 13%
Magic:  11/15      EV: 13    Int: 21    God:
Gold:   135        SH:  0    Dex: 14    Spells: 8/16 levels left

rFire   . . .        l - +0 whip (venom)
rCold   . . .        (no shield)
rNeg    . . .        b - +0 robe
rPois   .            c - +0 hat
rElec   .            (no cloak)
rCorr   .            o - +2 pair of gloves
SInv    .            (no boots)
Will    .....        j - amulet of regeneration
Stlth   +            e - ring of wizardry
HPRegen 1.04/turn    q - +4 ring of protection
MPRegen 0.14/turn

%: wizardry (x1)
@: confused
A: no striking features
a: no special abilities


You were on level 4 of the Dungeon.
You visited 1 branch of the dungeon, and saw 4 of its levels.

You collected 135 gold pieces.

Inventory:

Hand Weapons
 l - a +0 whip of venom (weapon)
Armour
 b - a +0 robe (worn)
 c - a +0 hat (worn)
 i - an orb of energy
 o - a +2 pair of gloves (worn)
 w - the +5 ring mail of Wu Jian {*Corrode +Blink rF+++ SInv}
   (You found it on level 3 of the Dungeon)

   rF:        It renders you almost immune to fire.
   SInv:      It lets you see invisible.
   +Blink:    It lets you blink.
   *Corrode:  It may corrode you when you take damage.
Jewellery
 e - a ring of wizardry (left hand)
 f - a +6 ring of dexterity
 j - an amulet of regeneration (around neck)
 n - a ring of willpower
 p - a ring of fire
 q - a +4 ring of protection (right hand)
 v - a ring of positive energy
Wands
 x - a wand of quicksilver (7)
Scrolls
 a - a scroll of noise {unknown}
 g - 3 scrolls of enchant armour {unknown}
 h - a scroll of immolation {unknown}
 s - 2 scrolls of blinking {unknown}
 t - 6 scrolls of identify {unknown}
 u - a scroll of brand weapon {unknown}
 y - a scroll of amnesia {unknown}
 z - a scroll of fog {unknown}
 B - a scroll of teleportation {unknown}
Potions
 d - a potion of magic
 k - a potion of cancellation {unknown}
 m - 2 potions of mutation {unknown}
 r - a potion of might {unknown}
 A - a potion of resistance


   Skills:
 - Level 1.0 Fighting
 - Level 1.0 Armour
 - Level 3.0 Dodging
 - Level 3.0 Stealth
 * Level 6.1 Spellcasting
 + Level 2.4 Conjurations
 - Level 1.1 Summonings
 - Level 1.1 Translocations
 + Level 0.0 Air Magic
 + Level 0.2 Poison Magic
 + Level 0.3 Evocations


You had 8 spell levels left.
You knew the following spells:

 Your Spells              Type           Power      Damage    Failure   Level
a - Magic Dart            Conj           64%        1d6       1%          1
b - Mephitic Cloud        Conj/Pois/Air  10%        N/A       9%          3
c - Call Imp              Summ           22%        N/A       4%          2
d - Blink                 Tloc           22%        N/A       4%          2

Your spell library contained the following spells:

 Spells                   Type           Power      Damage    Failure   Level
 Slow                     Hex            24%        N/A       4%          1
 Cigotuvi's Dreadful Rot  Necr/Pois/Air  12%        N/A       6%          2
 Dispel Undead            Necr           6%         3d8       34%         4
 Death Channel            Necr           3%         N/A       99%         6


Dungeon Overview and Level Annotations

Branches:
Dungeon (4/15)
 Temple: D:4-7

Altars:

Annotations:
D:4 Blork the orc, Dowan, Duvessa, Sigmund


Message History

Duvessa is lightly wounded.
Duvessa seems less confused.
Duvessa closely misses you. Duvessa attacks as you move away!
Duvessa hits you with a +0 rapier of freezing.
Duvessa freezes you.
Duvessa hits you with a +0 rapier of freezing.
Duvessa freezes you. Duvessa attacks as you move away!
Duvessa hits you but does no damage.
Duvessa hits you with a +0 rapier of freezing!
Duvessa freezes you.
Casting: Mephitic Cloud (quite dangerous; 9% risk of failure)
Confirm with . or Enter, or press ? or * to list all spells.
The spell is quite dangerous to miscast (9% risk of failure)!
Continue anyway?
Aiming: Mephitic Cloud (quite dangerous; 9% risk of failure)
Press: ? - help, Shift-Dir - straight line, f/p - Duvessa
Aim: Duvessa, wielding a +0 rapier of freezing and wearing a +0 leather armour (heavily wounded, fast, extremely poisoned, chance to affect: 81%) That beam is likely to hit you.
Continue anyway?
The ball explodes into a vile cloud!
The stinking cloud engulfs Duvessa but does no damage.
Duvessa is heavily wounded.
The stinking cloud engulfs you but does no damage.
The stinking cloud engulfs Dowan but does no damage.
Dowan is moderately wounded.
You are engulfed in noxious fumes.
You choke on the stench!
You are confused.
Duvessa is engulfed in noxious fumes.
Duvessa hits you with a +0 rapier of freezing.
Duvessa freezes you.
* * * LOW HITPOINT WARNING * * *
Dowan is engulfed in noxious fumes.
Dowan appears confused.
Unknown command.
Duvessa attacks as you move away!
Duvessa hits you with a +0 rapier of freezing.
* * * LOW HITPOINT WARNING * * *
Duvessa freezes you.
* * * LOW HITPOINT WARNING * * *
Duvessa is engulfed in noxious fumes.
Duvessa appears confused.
Duvessa is engulfed in noxious fumes.
Duvessa appears confused.
Duvessa hits you with a +0 rapier of freezing!
You die...

#@# ####..# #.#
..e.#
...^.####.########
#.#...# #.#.....ā€
.......## #.##..#
#[..........#.....
#e# ..#
#.##...#.##.#.#.##
#.# .#
#.##...#.########
#.# # #.##...#.#
#.# #.##...#.#
#@##...#.#
#e###....#
#ā—‹#...####
#eā—‹.# #.### #.#
#.# .># ###


You could see Duvessa (fast, confused, very poisoned) and Dowan (confused).

Vanquished Creatures
  A gnoll (D:1)
  9 adders
  5 bats
  4 endoplasms
  4 giant cockroaches
  6 goblins
  5 hobgoblins
  4 jackals (D:2)
  4 quokkas
  7 ball pythons
  5 frilled lizards
  2 kobolds
  6 rats
62 creatures vanquished.

Notes
Turn   | Place    | Note
-------+----------+-------------------------------------------
     0 | D:1      | pokeman the Deep Elf Hedge Wizard began the quest for the
                  | Orb.
     0 | D:1      | Reached XP level 1. HP: 10/10 MP: 7/7
   283 | D:1      | Reached XP level 2. HP: 16/16 MP: 4/9
   529 | D:1      | Reached skill level 5 in Spellcasting
   669 | D:1      | Found a faded altar of an unknown god.
   675 | D:1      | Reached XP level 3. HP: 20/20 MP: 7/11
   679 | D:1      | Learned a level 3 spell: Mephitic Cloud
   682 | D:1      | Learned a level 2 spell: Blink
   685 | D:1      | Learned a level 2 spell: Call Imp
  1272 | D:2      | Reached skill level 1 in Fighting
  1281 | D:2      | Reached skill level 1 in Armour
  1429 | D:2      | Reached XP level 4. HP: 25/25 MP: 6/13
  2064 | D:3      | Identified the +5 ring mail of Wu Jian {*Corrode +Blink
                  | rF+++ SInv}
  2766 | D:3      | Reached skill level 6 in Spellcasting
  2879 | D:4      | Reached XP level 5. HP: 26/29 MP: 12/15
  2883 | D:4      | Noticed Dowan
  2885 | D:4      | Noticed Duvessa
  2887 | D:4      | Noticed Blork the orc
  2899 | D:4      | Noticed Sigmund
  3115 | D:4      | Slain by Duvessa

Illustrated notes

Levels and vault maps discovered:
D:1:      kennysheep_arrival_seaside, layout_rooms,
          hellmonk_ecumenical_altar_zigzags
D:2:      layout_basic
D:3:      layout_basic
D:4:      layout_basic, grunt_temple_overflow_holy_war, portal_sewer_entry_b,
          uniq_blork_the_orc, uniq_duvessa, uniq_natasha, uniq_sigmund

Skill      XL: |  1  2  3  4 |
---------------+-------------+-----
Spellcasting   | 5 6 |  6.1
Fighting       | 1 |  1.0
Armour         | 1 |  1.0
Conjurations   | 2 |  2.4
Stealth        | 3 |  3.0
Dodging        | 3 |  3.0
Summonings     | |  1.1
Translocations | |  1.1
Poison Magic   | |  0.2
Evocations     | |  0.3

Action                     |  1- 3 |  4- 6 || total
---------------------------+-------+-------++-------
  Melee: Dagger            |    11 |       ||    11
         Whip              |     6 |    13 ||    19
   Cast: Magic Dart        |    78 |    72 ||   150
         Mephitic Cloud    |       |     5 ||     5
 Armour: Robe              |     4 |     8 ||    12
  Dodge: Dodged            |    16 |    17 ||    33

Table legend: (Time is in decaauts)
 A = Elapsed time spent in this place.
 B = Non-inter-level travel time spent in this place.
 C = Inter-level travel time spent in this place.
 D = Time resting spent in this place.
 E = Time spent auto-exploring this place.
 F = Levels seen in this place.
 G = Mean time per level.
                   A        B        C        D        E       F      G
               +--------+--------+--------+--------+--------+-----+--------+
         Total |   3117 |   2949 |    168 |     32 |   2449 |   4 |  779.2 |
       Dungeon |   3117 |   2949 |    168 |     32 |   2449 |   4 |  779.2 |
               +--------+--------+--------+--------+--------+-----+--------+

Top non-repeatable levels by time:
     D:1: 1020 daAuts
     D:2: 979 daAuts
     D:3: 946 daAuts
     D:4: 170 daAuts
